 Dungeon Crawl Stone Soup version 0.28-a0-1152-g9c71ebef14 (webtiles) character file.

Game seed: 6850150265707482029

55 ytrimaz the Insei (level 3, 0/23 HPs)
             Began as an Octopode Transmuter on Dec 14, 2021.
             Succumbed to a goblin's poison
             ... on level 2 of the Dungeon.
             The game lasted 00:01:33 (2403 turns).

ytrimaz the Insei (Octopode Transmuter)             Turns: 2403, Time: 00:01:33

Health: 0/23       AC:  1    Str:  9    XL:     3   Next: 93%
Magic:  5/6        EV: 13    Int: 17    God:
Gold:   30         SH:  0    Dex: 12    Spells: 1/7 levels left

rFire   . . .      SeeInvis .     - Unarmed
rCold   . . .      Faith    .   (no shield)
rNeg    . . .      Spirit   .   (helmet currently unavailable)
rPois   .          Reflect  .   (no amulet)
rElec   .          Harm     .   (no ring)
rCorr   .          Rampage  .   (no ring)
Will    .....                   (no ring)
Stlth   ++........              (no ring)
HPRegen 0.07/turn               (no ring)
MPRegen 0.10/turn               (no ring)
                                (no ring)
                                (no ring)

@: lethally poisoned (0 -> -8), appendages, flying, hasted, very quick
A: tentacle spike 3, almost no armour, amphibious, 8 rings, camouflage 1,
gelatinous body 1, (nimble swimmer 1), tentacles
a: End Transformation


You were on level 2 of the Dungeon.
One of your tentacles had grown a beastly spike.
You visited 1 branch of the dungeon, and saw 2 of its levels.

You collected 30 gold pieces.

Inventory:

Wands
 c - a wand of flame (7)
Scrolls
 b - a scroll of fog


   Skills:
 * Level 1.5 Fighting
 * Level 2.3 Dodging
 + Level 3.4 Unarmed Combat
 * Level 2.5 Spellcasting
 * Level 2.6 Transmutations


You had one spell level left.
You knew the following spells:

 Your Spells              Type           Power      Damage    Failure   Level
a - Beastly Appendage     Tmut           20%        N/A       6%          1
b - Wereblood             Tmut           10%        N/A       10%         2
c - Spider Form           Tmut/Pois      6%         N/A       32%         3

Your spell library contained the following spells:

 Spells                   Type           Power      Damage    Failure   Level
 Ice Form                 Ice/Tmut       6%         N/A       71%         4


Dungeon Overview and Level Annotations

Branches:
Dungeon (2/15)

Altars:


Innate Abilities, Weirdness & Mutations

One of your tentacles has grown a beastly spike.
You cannot wear most types of armour.
You are amphibious.
You can wear up to eight rings at the same time.
Your skin changes colour to match your surroundings (Stealth+).
Your rubbery body absorbs attacks. (AC +1, EV +1)
((You are camouflaged near water. (Stealth+)))
You have tentacles for arms and can constrict up to eight enemies at once.


Message History

Your squeeze misses the bat.
The bat is moderately wounded.
The bat closely misses you.
You completely miss the bat. Your grab misses the bat.
Your tentacle-slap misses the bat.
You squeeze the bat.
You kill the bat!
No target in view!
No target in view!
A goblin comes into view. It is wielding a +2 dagger of venom.
A goblin is nearby!
The goblin shouts!
A goblin is nearby!
The goblin hits you but does no damage.
A goblin is nearby!
You miss the goblin. You grab the goblin. You constrict the goblin.
The goblin hits you with a +2 dagger of venom.
You are poisoned.
One of your tentacles grows a vicious spike.
You constrict the goblin.
You feel sick.
The goblin hits you with a +2 dagger of venom.
You are lethally poisoned!
You tentacle-slap the goblin.
You kill the goblin!
You feel very sick.
You are too injured to fight recklessly!
* * * LOW HITPOINT WARNING * * *
You feel very sick.
You see here a +2 dagger of venom.
You are too injured to fight recklessly!
Unknown command.
It was a potion of haste.
You feel yourself speed up.
* * * LOW HITPOINT WARNING * * *
You feel very sick.
Unknown command.
It was a potion of flight.
You feel very buoyant.
You fly up into the air.
* * * LOW HITPOINT WARNING * * *
You feel sick.
You die...

#.###..## #+####.#
#.# ....##.## #.#
....##..# #.#
....###.## ...
....###..# #.#
....†..#.## #.#
.......#..# #.#
.......##.####.#@#
.......'.......#.#
.......##..#####.###
.......###.........#
.......#......##.#.#
.......#......##.#.#
########).....##.#.#
#......##.#.#
#......##.#.#


There were no monsters in sight!

Vanquished Creatures
  2 worms (D:2)
  2 dart slugs
  An orc (D:2)
  2 endoplasms (D:1)
  2 giant cockroaches (D:2)
  A hobgoblin (D:2)
  8 jackals
  4 kobolds
  A quokka (D:1)
  6 ball pythons
  2 bats
  6 frilled lizards
  5 goblins (D:2)
42 creatures vanquished.

Notes
Turn   | Place    | Note
-------+----------+-------------------------------------------
     0 | D:1      | ytrimaz the Octopode Transmuter began the quest for the
                  | Orb.
     0 | D:1      | Reached XP level 1. HP: 13/13 MP: 3/3
   489 | D:1      | Reached XP level 2. HP: 14/18 MP: 5/5
   553 | D:1      | Learned a level 2 spell: Wereblood
  1329 | D:2      | Reached XP level 3. HP: 21/23 MP: 6/6
  1530 | D:2      | Learned a level 3 spell: Spider Form
  2402 | D:2      | HP: 1/23 [poisoned by a goblin]
  2403 | D:2      | Succumbed to a goblin's poison

Illustrated notes

Levels and vault maps discovered:
D:1:      minmay_arrival_three_doors, layout_basic
D:2:      layout_basic

Action                   || total
-------------------------++-------
Melee: Unarmed           ||    90
       Kick              ||    13
       Constrict         ||    23
       Tentacles         ||    16
       Punch             ||     4
 Cast: Beastly Appendage ||    16
       Wereblood         ||     1
  Use: Scroll            ||     5
       Potion            ||     2
 Stab: Sleeping          ||     3
Armor: Skin              ||    10
Dodge: Dodged            ||    65

Table legend: (Time is in decaauts)
 A = Elapsed time spent in this place.
 B = Non-inter-level travel time spent in this place.
 C = Inter-level travel time spent in this place.
 D = Time resting spent in this place.
 E = Time spent auto-exploring this place.
 F = Levels seen in this place.
 G = Mean time per level.
                   A        B        C        D        E       F      G
               +--------+--------+--------+--------+--------+-----+--------+
         Total |   2397 |   2355 |     42 |      0 |   2055 |   2 | 1198.5 |
       Dungeon |   2397 |   2355 |     42 |      0 |   2055 |   2 | 1198.5 |
               +--------+--------+--------+--------+--------+-----+--------+

Top non-repeatable levels by time:
     D:1: 1318 daAuts
     D:2: 1078 daAuts
